 Dungeon Crawl Stone Soup version 0.30-a0-165-g1891117ce2 (webtiles) character file.

Game seed: 8061815154558424870

405 qw the Chopper (level 6, 0/38 HPs)
             Began as a Gargoyle Fighter on Sept 28, 2022.
             Slain by an ufetubus (3 damage)
             ... on level 5 of the Dungeon.
             The game lasted 00:01:14 (3817 turns).

qw the Chopper (Gargoyle Fighter)                   Turns: 3817, Time: 00:01:14

Health: 0/38       AC: 14    Str: 16 (19) XL:     6   Next: 87%
Magic:  0/6        EV:  6    Int:  5 (8)  God:
Gold:   318        SH:  4    Dex:  8 (11) Spells: 5/5 levels left

rFire   . . .      SeeInvis .    Y - +0 war axe
rCold   . . .      Faith    .    c - +0 buckler
rNeg    + . .      Spirit   +    l - +0 chain mail
rPois   inf        Reflect  .    (no helmet)
rElec   +          Harm     .    (no cloak)
rCorr   .          Rampage  .    (no gloves)
Will    .....                    f - +0 pair of boots "Ihetzar" {Regen+ Str-3 Dex+2}
Stlth   ..........               k - amulet of guardian spirit
HPRegen 0.92/turn                (no ring)
MPRegen 0.10/turn                (no ring)

@: no status effects
A: sickness immunity, AC +4, negative energy resistance 1, electricity
resistance, torment resistance 1, petrification resistance
a: no special abilities


You were on level 5 of the Dungeon.
You visited 1 branch of the dungeon, and saw 5 of its levels.

You collected 318 gold pieces.


Innate Abilities, Weirdness & Mutations

You are immune to sickness and miasma.
Your stone body is resilient. (AC +4)
You are immune to poison.
You resist negative energy. (rN+)
You are resistant to electric shocks. (rElec)
You are resistant to unholy torment.
You are immune to petrification.


   Skills:
 - Level 4.1 Fighting
 + Level 5.9 Axes
 - Level 3.2 Armour
 - Level 1.0 Dodging
 - Level 3.2 Shields


You had 5 spell levels left.
You didn't know any spells.
Your spell library was empty.

Inventory:

Hand Weapons
 g - a +0 flail
 Y - a +0 war axe (weapon)
Armour
 c - a +0 buckler (worn)
 f - the +0 pair of boots "Ihetzar" (worn) {Regen+ Str-3 Dex+2}
   (You acquired it on level 3 of the Dungeon)

   Str:       It affects your strength (-3).
   Dex:       It affects your dexterity (+2).
   Regen:     It increases your rate of health regeneration.
 l - a +0 chain mail (worn)
Jewellery
 k - an amulet of guardian spirit (around neck)
Scrolls
 a - 2 scrolls of identify
Potions
 d - 2 potions of might
 e - a potion of mutation
 h - a potion of berserk rage {unknown}
 j - a potion of lignification
 m - a potion of invisibility {unknown}

Dungeon Overview and Level Annotations

Branches:
Dungeon (5/15)
 Temple: D:4-7

Altars:
Ashenzari
Xom
Zin


Message History

You barely miss the centaur. You miss the ufetubus.
The ufetubus hits you but does no damage.
The ufetubus barely misses you. The centaur closely misses you.
The centaur kicks you but does no damage.
The ufetubus hits you but does no damage.
The ufetubus barely misses you.
You hit the centaur.
The centaur is lightly wounded.
You miss the ufetubus. The centaur hits you.
The centaur kicks you but does no damage.
The ufetubus completely misses you.
The ufetubus hits you but does no damage.
The centaur hits you but does no damage.
The centaur completely misses you.
You slash the centaur!
The centaur is heavily wounded.
You hit the ufetubus.
The ufetubus hits you but does no damage.
You block the ufetubus's attack.
The centaur hits you but does no damage.
The centaur completely misses you. The ufetubus hits you.
The ufetubus hits you but does no damage.
The centaur hits you but does no damage.
The centaur kicks you.
You miss the ufetubus.
The ufetubus is severely wounded.
You hit the centaur.
The ufetubus hits you but does no damage.
The ufetubus barely misses you.
The centaur hits you but does no damage.
The centaur barely misses you.
The ufetubus hits you but does no damage. x2
The centaur hits you but does no damage.
The centaur kicks you.
You completely miss the ufetubus.
The ufetubus is severely wounded.
You hit the centaur but do no damage. The ufetubus barely misses you.
The ufetubus hits you.
You die...

....## ............#
..... #...........# ..
....
................#.##...
#.........##.....#...#
#...................<#
..#......##.............
......5..##...........#.
......c@................
.......#..........#.....
.......##...............
......# ##.####.....##..
...... #####......###.
....## #.......####.
#### ###...####... #.###
##... ### #....


You could see a centaur and an ufetubus.

Vanquished Creatures
  A scorpion (D:4)
  3 hounds (D:4)
  4 iguanas (D:4)
  2 gnolls
  8 adders
  4 dart slugs
  An orc (D:4)
  6 endoplasms
  2 giant cockroaches
  6 goblins
  6 hobgoblins
  2 quokkas (D:4)
  6 ball pythons
  2 bats
  3 frilled lizards
  8 kobolds
  4 rats
68 creatures vanquished.

Vanquished Creatures (others)
  An angel (D:4)
  6 fungi (D:4)
  3 plants (D:2)
  5 toadstools (D:4)
15 creatures vanquished.

Grand Total: 83 creatures vanquished

Notes
Turn   | Place    | Note
-------+----------+-------------------------------------------
     0 | D:1      | qw the Gargoyle Fighter began the quest for the Orb.
     0 | D:1      | Reached XP level 1. HP: 14/14 MP: 1/1
     0 | D:1      | 0 ||| qw: Version: 0.2-a-12-gaebbb33
     0 | D:1      | 0 ||| qw: Game counter: 815
     0 | D:1      | 0 ||| qw: Always use a shield: true
     0 | D:1      | 0 ||| qw: God list: Okawaru
     0 | D:1      | 0 ||| qw: Allow faded altars: false
     0 | D:1      | 0 ||| qw: Do Orc after D:15 true
     0 | D:1      | 0 ||| qw: Do second Lair branch before Depths: true
     0 | D:1      | 0 ||| qw: Lair rune preference: random
     0 | D:1      | 0 ||| qw: Plans: Normal, Zot:1-4, God:TSO, Crypt, Tomb,
                  | Pan, Slime:5, Hells, Abyss, Orb
     0 | D:1      | 0 ||| PLANNING D:1-11
    39 | D:1      | Found a faded altar of an unknown god.
    62 | D:1      | Reached skill level 2 in Axes
   202 | D:1      | 202 ||| Stepping ~*~*~tactically~*~*~ (hiding).
   218 | D:1      | Reached XP level 2. HP: 8/19 MP: 2/2
   595 | D:1      | 595 ||| Stepping ~*~*~tactically~*~*~ (hiding).
  1185 | D:1      | 1185 ||| READING scroll labelled INUHASHEKI.
  1186 | D:1      | 1186 ||| READING scroll labelled BIESEACUTYDGH.
  1187 | D:1      | 1187 ||| DRINKING 2 dark potions.
  1288 | D:1      | 1288 ||| DROPPING potion of ambrosia.
  1367 | D:2      | Reached skill level 3 in Axes
  1455 | D:2      | Reached XP level 3. HP: 21/23 MP: 3/3
  1633 | D:2      | 1633 ||| Stepping ~*~*~tactically~*~*~ (stealth).
  1946 | D:2      | Reached XP level 4. HP: 18/28 MP: 4/4
  2202 | D:2      | 2202 ||| READING scroll labelled CUCE CO VISAXA.
  2203 | D:2      | 2203 ||| READING scroll labelled ZIESUR XEEL.
  2207 | D:2      | 2207 ||| READING 2 scrolls labelled HUNUPL LYAM.
  2208 | D:2      | 2208 ||| READING 3 scrolls of identify.
  2208 | D:2      | 2208 ||| IDENTIFYING orange potion
  2209 | D:2      | 2209 ||| READING 2 scrolls of identify.
  2209 | D:2      | 2209 ||| IDENTIFYING fuming silvery potion
  2210 | D:2      | 2210 ||| DROPPING potion of brilliance.
  2211 | D:2      | 2211 ||| DROPPING scroll of fog.
  2559 | D:3      | 2559 ||| READING scroll labelled DOBALE SUURERPH.
  2560 | D:3      | 2560 ||| READING scroll labelled ROEMPO ULUWISHU.
  2561 | D:3      | 2561 ||| READING scroll labelled QOYSUC BYUVVA FAPS.
  2562 | D:3      | 2562 ||| READING scroll labelled VOEMMEBRUC.
  2562 | D:3      | Identified a scroll of acquirement
  2562 | D:3      | 2562 ||| ACQUIRING +0 pair of boots "Ihetzar" {Regen+ Str-3
                  | Dex+2}
  2562 | D:3      | Acquired the +0 pair of boots "Ihetzar" {Regen+ Str-3
                  | Dex+2}
  2564 | D:3      | 2564 ||| UPGRADING to +0 pair of boots "Ihetzar" {Regen+
                  | Str-3 Dex+2}.
  2593 | D:4      | Reached skill level 4 in Axes
  2824 | D:4      | Found a broken altar of Ashenzari.
  2917 | D:4      | Noticed a scorpion
  2926 | D:4      | Killed a scorpion
  2927 | D:4      | Reached skill level 5 in Axes
  2927 | D:4      | Reached XP level 5. HP: 26/32 MP: 5/5
  2938 | D:4      | Found a glowing silver altar of Zin.
  2938 | D:4      | Noticed an angel
  2939 | D:4      | Found a shimmering altar of Xom.
  2950 | D:4      | 2950 ||| Stepping ~*~*~tactically~*~*~ (stealth).
  2952 | D:4      | 2952 ||| Stepping ~*~*~tactically~*~*~ (stealth).
  2958 | D:4      | Reached skill level 1 in Dodging
  2963 | D:4      | Reached XP level 6. HP: 19/38 MP: 6/6
  3118 | D:4      | Killed an angel
  3495 | D:4      | 3495 ||| Stepping ~*~*~tactically~*~*~ (stealth).
  3505 | D:4      | 3505 ||| Stepping ~*~*~tactically~*~*~ (stealth).
  3506 | D:4      | 3506 ||| Stepping ~*~*~tactically~*~*~ (stealth).
  3507 | D:4      | 3507 ||| Stepping ~*~*~tactically~*~*~ (stealth).
  3531 | D:4      | 3531 ||| Stepping ~*~*~tactically~*~*~ (stealth).
  3560 | D:4      | 3560 ||| Stepping ~*~*~tactically~*~*~ (stealth).
  3569 | D:4      | 3569 ||| Stepping ~*~*~tactically~*~*~ (stealth).
  3571 | D:4      | 3571 ||| Stepping ~*~*~tactically~*~*~ (hiding).
  3696 | D:4      | 3696 ||| Stepping ~*~*~tactically~*~*~ (stealth).
  3699 | D:4      | 3699 ||| UPGRADING to +0 chain mail.
  3711 | D:4      | 3711 ||| DROPPING +0 scale mail.
  3712 | D:4      | 3712 ||| UPGRADING to amulet of guardian spirit.
  3717 | D:4      | 3717 ||| DRINKING 2 murky red potions.
  3718 | D:4      | 3718 ||| DRINKING 2 purple potions.
  3759 | D:4      | 3759 ||| DROPPING potion of degeneration.
  3766 | D:5      | Entered Level 5 of the Dungeon
  3806 | D:5      | 3806 ||| Stepping ~*~*~tactically~*~*~ (hiding).
  3811 | D:5      | HP: 5/38 [centaur/arrow (12)]
  3815 | D:5      | HP: 2/38 [centaur (1)]
  3817 | D:5      | Slain by an ufetubus

Levels and vault maps discovered:
D:1:      dpeg_arrival_pond, layout_basic, shapermc_ecumenical_altar_notcrosses
D:2:      layout_rooms, serial_bayou, serial_bayou_lake_a,
          serial_bayou_crossing, serial_bayou_pond_d, serial_bayou_pond_b,
          serial_bayou_ford_a, minmay_door_square
D:3:      layout_rooms
D:4:      layout_loops_corners, grunt_temple_overflow_order_and_chaos_1,
          mainiacjoe_overflow_surrounded_room, st_stairs_4,
          minmay_gold_behind_fungi, hangedman_abyss_or_decor_stagger,
          nzn_random_ring
D:5:      layout_cave_pools, mainiacjoe_overflow_cross_hatched,
          nicolae_gozag_seed_capital

Skill      XL: |  1  2  3  4  5  6 |
---------------+-------------------+-----
Axes           | 2 3 5 |  5.9
Dodging        | 1 |  1.0
Fighting       | 4 |  4.1
Armour         | |  3.2
Shields        | |  3.2

Action                   |  1- 3 |  4- 6 || total
-------------------------+-------+-------++-------
Melee: War axe           |    86 |   154 ||   240
  Use: Scroll            |     2 |     9 ||    11
       Potion            |     1 |     2 ||     3
Armor: Scale mail        |    41 |    63 ||   104
       Chain mail        |       |    28 ||    28
Dodge: Dodged            |    42 |    84 ||   126
Block: Buckler           |    13 |    37 ||    50

Table legend:
 A = Non-vault XP
 B = Vault XP
 C = Vault XP percentage of total XP
 D = Non-vault monster count
 E = Vault monster count
 F = Vault count percentage of total count
                 A         B        C        D         E       F
            +---------+---------+-------+---------+---------+-------
      Total |     346 |     233 |  40.2 |      41 |      27 |  39.7
            +---------+---------+-------+---------+---------+-------
        D:1 |      25 |       0 |   0.0 |       7 |       0 |   0.0
        D:2 |      48 |      11 |  18.6 |      17 |       5 |  22.7
        D:3 |       6 |       0 |   0.0 |       4 |       0 |   0.0
        D:4 |     267 |     222 |  45.4 |      13 |      22 |  62.9
            +---------+---------+-------+---------+---------+-------
